 Dungeon Crawl Stone Soup version 0.23.1 (webtiles) character file.

Game seed: 10045830926359014580

44 Kairos the Sneak (level 3, -4/18 HPs)
             Began as a Vine Stalker Assassin on Mar 10, 2019.
             Slain by a bullfrog skeleton (5 damage)
             ... on level 2 of the Dungeon.
             The game lasted 00:01:14 (602 turns).

Kairos the Sneak (Vine Stalker Assassin)             Turns: 602, Time: 00:01:15

Health: -4/18      AC:  4    Str: 13    XL:     3   Next: 60%
Magic:  0/4        EV: 11    Int: 11    God:
Gold:   84         SH:  0    Dex: 16    Spells: 2/2 levels left

rFire    . . .     SeeInvis .   m - +0 dagger (speed)
rCold    . . .     Gourm    .   (no shield)
rNeg     . . .     Faith    .   j - +0 leather armour
rPois    .         Spirit   +   (no helmet)
rElec    .         Reflect  .   d - +0 cloak
rCorr    .         Harm     .   (no gloves)
MR       .....                  (no boots)
Stlth    +++.......             (no amulet)
HPRegen  0.06/turn              (no ring)
MPRegen  0.09/turn              (no ring)

@: no status effects
A: fangs 2, magic shield, antimagic bite, no potion heal 3, rot immunity
a: no special abilities


You were on level 2 of the Dungeon.
You were not hungry.

You visited 1 branch of the dungeon, and saw 2 of its levels.

You collected 84 gold pieces.

Inventory:

Hand Weapons
 a - a +2 dagger
 b - a +0 blowgun
 m - a +0 dagger of speed (weapon)
Missiles
 e - 8 poisoned needles
 f - 2 curare-tipped needles
Armour
 c - a +0 robe
 d - a +0 cloak (worn)
 j - a +0 leather armour (worn)
Scrolls
 h - a scroll of identify
 k - a scroll of remove curse {unknown}
 n - 3 scrolls of amnesia
Potions
 i - a potion of cancellation
 l - 2 potions of curing
 o - a potion of ambrosia {unknown}
Comestibles
 g - 5 rations


   Skills:
 + Level 2.3 Fighting
 + Level 1.9 Short Blades
 + Level 2.0 Throwing
 + Level 0.2 Armour
 + Level 0.7 Dodging
 + Level 5.7 Stealth


You had 2 spell levels left.
You didn't know any spells.
Your spell library was empty.

Dungeon Overview and Level Annotations

Branches:
Dungeon (2/15)

Altars:


Innate Abilities, Weirdness & Mutations

You have extremely sharp teeth.
When hurt, damage is shared between your health and your magic reserves.
Your bite disrupts and absorbs the magic of your enemies.
Potions cannot restore your health.
You are immune to rotting.


Message History

You bite the bullfrog skeleton. You drain its power.
The bullfrog skeleton is heavily damaged.
You hit the bullfrog skeleton. You bite the bullfrog skeleton.
You drain its power.
The bullfrog skeleton is severely damaged.
The bullfrog skeleton barely misses you.
You barely miss the bullfrog skeleton.
The bullfrog skeleton is severely damaged.
The bullfrog skeleton hits you.
* * * LOW HITPOINT WARNING * * *
You hit the bullfrog skeleton.
You bite the bullfrog skeleton, but do no damage.
The bullfrog skeleton is severely damaged.
The bullfrog skeleton hits you.
* * * LOW HITPOINT WARNING * * *
You hit the bullfrog skeleton but do no damage.
The bullfrog skeleton is severely damaged.
The bullfrog skeleton closely misses you.
The bullfrog skeleton hits you!
You die...

.........##.#.##....#.#.#
.........##....#...##.#.##
#..........#.##.........#
#....S..##.#.##......#..#
#...Z...##)#.##..#......#
######+###.#.##..#......#
...#. #.#.......####.#
##.#.###Z####..#.# ###
.......@......>#†#
##.....#.#.#.....#
###.##..#.#....##.#
#.#.....#.#.......#
#....#....#.....#.#
##.#..##.#.........#
#<.......#.#..######
#..##.#..........
#....##.#..#.#.....#


You could see a bullfrog skeleton.

Vanquished Creatures
  An adder (D:2)
  A dart slug (D:1)
  3 leopard geckos (D:1)
  3 bats
  A giant cockroach (D:2)
  5 goblins
  3 hobgoblins
  3 jackals (D:1)
  A ball python (D:2)
  2 frilled lizards
  2 kobolds (D:1)
  3 rats (D:1)
28 creatures vanquished.

Notes
Turn   | Place    | Note
-------+----------+-------------------------------------------
     0 | D:1      | Kairos the Vine Stalker Assassin began the quest for the
                  | Orb.
     0 | D:1      | Reached XP level 1. HP: 11/11 MP: 2/2
   118 | D:1      | Reached skill level 5 in Stealth
   121 | D:1      | Reached XP level 2. HP: 15/15 MP: 3/3
   300 | D:1      | Reached XP level 3. HP: 14/18 MP: 2/4
   602 | D:2      | Slain by a bullfrog skeleton

Skill      XL: |  1  2 |
---------------+-------+-----
Stealth        | 5 |  5.7
Fighting       | 2 |  2.3
Throwing       | 2 |  2.0
Short Blades   | |  1.9
Armour         | |  0.2
Dodging        | |  0.7

Action                   || total
-------------------------++-------
Melee: Dagger            ||    93
       Bite              ||    23
  Use: Scroll            ||     4
 Stab: Sleeping          ||     7
       Distracted        ||     1
Armor: Leather armour    ||    16
Dodge: Dodged            ||    44
